 Dungeon Crawl Stone Soup version 0.20-a0-850-ge5a7832 (webtiles) character file.

49 nikopol the Magician (level 3, 0/28 HPs)
             Began as a Deep Elf Air Elementalist on Mar 10, 2017.
             Succumbed to an adder's poison
             ... on level 3 of the Dungeon.
             The game lasted 00:06:51 (2035 turns).

nikopol the Magician (Deep Elf Air Elementalist)    Turns: 2035, Time: 00:06:53

Health: 0/28       AC:  1    Str: 10    XL:     3   Next: 51%
Magic:  4/10       EV: 13    Int: 20    God:
Gold:   127        SH:  0    Dex: 15    Spells: 8/9 levels left

rFire    . . .     SeeInvis .   q - +1 whip (flame)
rCold    . . .     Gourm    .   a - +0 robe
rNeg     . . .     Faith    .   (no shield)
rPois    .         Spirit   .   y - -2 helmet (curse)
rElec    .         Reflect  .   (no cloak)
rCorr    .         Harm     .   (no gloves)
MR       .....                  (no boots)
Stlth    ..........             (no amulet)
Regen    0.1/turn               (no ring)
MPRegen  0.2/turn               (no ring)

@: berserking, lethally poisoned (0 -> -6), very quick
A: no striking features
a: no special abilities


You were on level 3 of the Dungeon.
You were not hungry.

You visited 1 branch of the dungeon, and saw 3 of its levels.

You collected 127 gold pieces.

Inventory:

Hand Weapons
 f - a +0 short sword
 q - a +1 whip of flaming (weapon)
 v - a +0 short sword
Armour
 a - a +0 robe (worn)
 y - a cursed -2 helmet (worn)
Jewellery
 l - a +6 ring of dexterity {unknown}
 w - a cursed ring of loudness {unknown}
Scrolls
 d - 3 scrolls of remove curse {unknown}
 e - 4 scrolls of identify {unknown}
 g - a scroll of recharging {unknown}
 p - a scroll of enchant weapon {unknown}
 r - 3 scrolls of blinking {unknown}
 s - a scroll of amnesia {unknown}
 t - 2 scrolls of teleportation {unknown}
 x - 4 scrolls of fear {unknown}
 z - a scroll of noise {unknown}
Potions
 h - a potion of berserk rage
 j - a potion of curing {unknown}
 k - 2 potions of might {unknown}
 n - a potion of degeneration {unknown}
 o - a potion of magic {unknown}
 u - a potion of flight {unknown}
 B - a potion of brilliance {unknown}
Books
 b - a book of Air

   Spells                             Type                      Level
   a - Shock                          Conjuration/Air              1
   b - Swiftness                      Charms/Air                   2
   c - Static Discharge               Conjuration/Air              3
   d - Airstrike                      Air                          4
   e - Lightning Bolt                 Conjuration/Air              5
Comestibles
 c - 6 bread rations
 i - a royal jelly
 m - 2 fruits
 A - a chunk of flesh


   Skills:
 + Level 3.2 Dodging
 + Level 3.0 Stealth
 + Level 3.6 Spellcasting
 + Level 1.9 Conjurations
 + Level 3.2 Air Magic


You had 8 spell levels left.
You knew the following spells:

 Your Spells              Type           Power        Failure   Level  Hunger
a - Shock                 Conj/Air       ##..         6%          1    None


Dungeon Overview and Level Annotations

Branches:
Dungeon (3/15)

Altars:


Message History

The zap misses the adder.
The adder bites you.
* * * LOW HITPOINT WARNING * * *
You are more poisoned.
The adder poisons you!
Casting: Shock
Confirm with . or Enter, or press ? or * to list all spells.
Aiming: Shock
Press: ? - help, Shift-Dir - straight line, f/p - adder
Aim: an adder (almost dead)
The zap hits the adder.
You kill the adder!
Your Stealth skill increases to level 3!
* * * LOW HITPOINT WARNING * * *
You feel sick.
It was a potion of berserk rage.
A red film seems to cover your vision as you go berserk!
You feel yourself moving faster!
You feel mighty!
You are too berserk!
You feel a strong urge to attack something.
You die...

##### ##### #...# #...#
#.#######...#########.#.#
#.......@(............#.#
..#######................
+.....'...>............
#######...#.#######.#.#
#...#.# #.#.# #####.#
#.#.# ... ..#.# ### ###..
..#


There were no monsters in sight!

Vanquished Creatures
  An adder (D:3)
  2 worms
  2 bats
  A giant cockroach (D:2)
  6 goblins
  4 hobgoblins
  2 jackals (D:3)
  A quokka (D:2)
  4 frilled lizards
  4 kobolds
  7 rats
34 creatures vanquished.

Notes
Turn   | Place    | Note
-------+----------+-------------------------------------------
     0 | D:1      | nikopol the Deep Elf Air Elementalist began the quest for the Orb.
     0 | D:1      | Reached XP level 1. HP: 10/10 MP: 6/6
   688 | D:1      | Reached XP level 2. HP: 15/15 MP: 0/8
  1739 | D:3      | Reached XP level 3. HP: 19/19 MP: 1/10
  2035 | D:3      | Succumbed to an adder's poison

Vault maps used:
D:1:      dpeg_arrival_arbitrary_a, grunt_decor_mini_mirrors
D:2:      first_bread, minmay_misc_feat_encased, hangedman_decor_clover_reticule
D:3:      minitemple, kennysheep_generic_room_5

Skill      XL: |  1  2  3 |
---------------+----------+-----
Dodging        | 3 |  3.2
Stealth        | 3 |  3.0
Spellcasting   | |  3.6
Conjurations   | |  1.9
Air Magic      | |  3.2

Action                   || total
-------------------------++-------
Melee: Whip              ||    11
       Short sword       ||     2
 Cast: Shock             ||    92
  Use: Potion            ||     1
  Eat: Chunk             ||     3
Armor: Robe              ||     2
Dodge: Dodged            ||    19
